 Dungeon Crawl Stone Soup version 0.21-a0-582-g1b93aee (webtiles) character file.

26 Gaball the Digger (level 2, -5/20 HPs)
             Began as a Demigod Earth Elementalist on Dec 19, 2017.
             Slain by a hobgoblin
             ... wielding a +0 spear
              (8 damage)
             ... on level 2 of the Dungeon.
             The game lasted 00:02:56 (921 turns).

Gaball the Digger (Demigod Earth Elementalist)       Turns: 921, Time: 00:02:57

Health: -5/20      AC:  3    Str: 11    XL:     2   Next: 69%
Magic:  7/7        EV: 11    Int: 19    God:
Gold:   58         SH:  2    Dex: 16    Spells: 4/5 levels left

rFire    + . .     SeeInvis .   j - +0 dagger
rCold    x . .     Gourm    .   h - -1 buckler (curse)
rNeg     . . .     Faith    .   c - +0 robe
rPois    .         Spirit   .   k - +0 helmet
rElec    .         Reflect  .   (no cloak)
rCorr    .         Harm     .   (no gloves)
MR       +....                  (no boots)
Stlth    ++........             (no amulet)
HPRegen  0.06/turn              l - ring of fire
MPRegen  0.10/turn              i - ring of protection from magic

@: no status effects
A: high mp 1
a: no special abilities


You were on level 2 of the Dungeon.
You were not hungry.

You visited 1 branch of the dungeon, and saw 2 of its levels.

You collected 58 gold pieces.

Inventory:

Hand Weapons
 j - a +0 dagger (weapon)
Armour
 c - a +0 robe (worn)
 h - a cursed -1 buckler (worn)
 k - a +0 helmet (worn)
Jewellery
 i - a ring of protection from magic (right hand)
 l - a ring of fire (left hand)
Scrolls
 a - a scroll of blinking {unknown}
 g - a scroll of teleportation {unknown}
 m - a scroll of amnesia {unknown}
Potions
 f - a potion of brilliance {unknown}
Books
 e - a book of Geomancy

   Spells                             Type                      Level
   a - Sandblast                      Earth                        1
   b - Passwall                       Transmutation/Earth          2
   c - Stone Arrow                    Conjuration/Earth            3
   d - Petrify                        Transmutation/Earth          4
   e - Lee's Rapid Deconstruction     Earth                        5
Comestibles
 b - a chunk of flesh
 d - 2 rations


   Skills:
 - Level 1.7 Dodging
 - Level 1.7 Stealth
 + Level 2.4 Spellcasting
   Level 0.8 Transmutations
 + Level 3.2 Earth Magic


You had 4 spell levels left.
You knew the following spells:

 Your Spells              Type           Power        Failure   Level  Hunger
a - Sandblast             Erth           ##....       7%          1    #......


Dungeon Overview and Level Annotations

Branches:
Dungeon (2/15)


Innate Abilities, Weirdness & Mutations

You have an increased reservoir of magic. (+10% MP)


Message History

The leopard gecko misses you.
The leopard gecko completely misses you.
You hit the leopard gecko but do no damage.
The leopard gecko is almost dead.
The leopard gecko misses you.
You closely miss the leopard gecko.
The leopard gecko is almost dead.
The leopard gecko bites you.
* * * LOW HITPOINT WARNING * * *
You hit the leopard gecko but do no damage.
The leopard gecko is almost dead.
You block the leopard gecko's attack.
You hit the leopard gecko.
You kill the leopard gecko!
The hobgoblin shouts!
The hobgoblin completely misses you. The hobgoblin hits you with a spear.
* * * LOW HITPOINT WARNING * * *
The hobgoblin hits you with a spear!
You die...

#...#..........# #.
...#..........# #.
###..#..........# #. ##.
#.>..#..........# #.### ..
##.#..#..........# ...#
#####.
.......####'##.#####...#
....<.
####.#.####.##.#.......#
...... #
#....#.<....#####.#########?
#..........@...............>
#..#.#......g.......########
#..#.#####..######..#..w....
# #..#.#
#.......#....##.#####
.....#.# #.##.##.##.†.##.#
##..#.###.##..#.........#
#......#.###.#####..####
#.##.#.#............# #
...#.######.####.....#


You could see a hobgoblin.

Vanquished Creatures
  2 leopard geckos
  2 giant cockroaches (D:1)
  4 goblins
  3 hobgoblins (D:1)
  2 jackals (D:1)
  4 bats
  2 kobolds (D:1)
  3 rats (D:1)
22 creatures vanquished.

Notes
Turn   | Place    | Note
-------+----------+-------------------------------------------
     0 | D:1      | Gaball the Demigod Earth Elementalist began the quest for the Orb.
     0 | D:1      | Reached XP level 1. HP: 14/14 MP: 5/5
   243 | D:1      | Reached skill level 3 in Earth Magic
   274 | D:1      | Reached XP level 2. HP: 17/20 MP: 1/7
   921 | D:2      | Slain by a hobgoblin

Vault maps used:
D:1:      lemuel_arrival_lava_pool, minmay_misc_feat_roman
D:2:      roderic_lattice_a, uniq_sigmund

Skill      XL: |  1 |
---------------+----+-----
Spellcasting   | 2 |  2.4
Earth Magic    | 3 |  3.2
Dodging        | |  1.7
Stealth        | |  1.7
Transmutations | |  0.8

Action                   || total
-------------------------++-------
Melee: Unarmed           ||    16
       Dagger            ||    12
 Cast: Sandblast         ||    34
Armor: Robe              ||     3
Dodge: Dodged            ||    42
Block: Buckler           ||     7

Table legend:
 A = Spawn XP
 B = Non-spawn XP
 C = Spawn XP percentage of total XP
 D = Spawn monster count
 E = Non-spawn monster count
 F = Spawn count percentage of total count
 G = Total turns spent on level
                    A         B        C        D         E        F      G
               +---------+---------+-------+---------+---------+-------+---------
         Total |       0 |      38 |   0.0 |       0 |      22 |   0.0 |   921
               +---------+---------+-------+---------+---------+-------+---------
           D:1 |       0 |      28 |   0.0 |       0 |      17 |   0.0 |   801
           D:2 |       0 |      10 |   0.0 |       0 |       5 |   0.0 |   120
               +---------+---------+-------+---------+---------+-------+---------
